 Dungeon Crawl Stone Soup version 0.30-a0-778-g2ef04afb54 (webtiles) character file.

Game seed: 7396256089027548298

186 Leeroy the Slasher (level 5, -1/26 HPs)
             Began as a Vine Stalker Warper on Feb 15, 2023.
             Slain by Edmund
             ... wielding a +3 flail of protection
              (7 damage)
             ... on level 4 of the Dungeon.
             The game lasted 00:04:15 (2941 turns).

Leeroy the Slasher (Vine Stalker Warper)            Turns: 2941, Time: 00:04:16

Health: -1/26      AC: 10    Str: 13    XL:     5   Next: 66%
Magic:  0/9        EV: 11    Int: 13    God:
Gold:   173        SH:  0    Dex: 16    Spells: 3/8 levels left

rFire   . . .      SeeInvis .    r - +1 short sword (protect)
rCold   . . .      Faith    .    (no shield)
rNeg    . . .      Spirit   +    b - +0 leather armour
rPois   .          Reflect  .    (no helmet)
rElec   .          Harm     .    (no cloak)
rCorr   .          Rampage  .    (no gloves)
Will    .....                    (no boots)
Stlth   +                        (no amulet)
HPRegen 1.04/turn                (no ring)
MPRegen 0.11/turn                (no ring)

@: under a protective aura
A: fangs 2, regeneration 1, magic shield, antimagic bite, no potion heal 2
a: no special abilities


You were on level 4 of the Dungeon.
You visited 1 branch of the dungeon, and saw 4 of its levels.

You collected 173 gold pieces.

Inventory:

Hand Weapons
 a - a +0 falchion
 n - a +0 long sword
 o - a +1 whip of electrocution
 r - a +1 short sword of protection (weapon)
Missiles
 d - 7 boomerangs of dispersal (quivered)
Armour
 b - a +0 leather armour (worn)
Scrolls
 c - a scroll of blinking
 f - 3 scrolls of immolation {unknown}
 i - 2 scrolls of fear {unknown}
 j - 8 scrolls of identify {unknown}
 l - 2 scrolls of poison {unknown}
 m - a scroll of teleportation {unknown}
 q - a scroll of vulnerability {unknown}
Potions
 e - 3 potions of cancellation {unknown}
 g - 4 potions of attraction {unknown}
 h - a potion of flight {unknown}
 k - 2 potions of mutation {unknown}
 p - a potion of heal wounds {unknown}
 s - a potion of haste {unknown}
 t - a potion of curing {unknown}


   Skills:
 - Level 1.7 Fighting
 + Level 5.2 Long Blades
 - Level 0.8 Throwing
 - Level 0.7 Armour
 - Level 1.5 Dodging
 - Level 2.1 Spellcasting
 - Level 3.0 Translocations


You had 3 spell levels left.
You knew the following spells:

 Your Spells              Type           Power      Damage    Failure   Level
a - Blink                 Tloc           18%        N/A       14%         2
b - Vhi's Electric Charg  Tloc/Air       10%        N/A       45%         3

Your spell library contained the following spells:

 Spells                   Type           Power      Damage    Failure   Level
 Lesser Beckoning         Tloc           18%        N/A       14%         2
 Teleport Other           Tloc           9%         N/A       28%         3
 Freeze                   Ice            4%         1d3       32%         1
 Summon Small Mammal      Summ           4%         N/A       32%         1
 Call Canine Familiar     Summ           1%         N/A       67%         3
 Frozen Ramparts          Ice            2%         1d1       67%         3
 Hailstorm                Conj/Ice       1%         3d3       67%         3
 Summon Guardian Golem    Hex/Summ       1%         N/A       67%         3
 Manifold Assault         Tloc           9%         N/A       67%         4
 Airstrike                Air            0%         2d(1-17)  97%         4
 Summon Lightning Spire   Summ/Air       1%         N/A       97%         4
 Lightning Bolt           Conj/Air       0%         1d11      100%        5


Dungeon Overview and Level Annotations

Branches:
Dungeon (4/15)
 Temple: D:4-7

Altars:
Qazlal

Annotations:
D:4 Edmund


Innate Abilities, Weirdness & Mutations

You have extremely sharp teeth.
Your natural rate of healing is unusually fast.
When hurt, damage is shared between your health and your magic reserves.
Your bite disrupts and absorbs the magic of your enemies.
Potions cannot restore your health.


Message History

Edmund hits you with a +3 flail of protection.
You are too injured to fight recklessly!
You are too injured to fight recklessly!
You are too injured to fight recklessly!
You barely miss Edmund. Your bite misses Edmund.
Edmund is lightly wounded.
You hit Edmund.
Edmund is moderately wounded.
Edmund closely misses you.
You closely miss Edmund. Your bite misses Edmund.
Edmund is moderately wounded.
Edmund hits you with a +3 flail of protection.
You hit Edmund but do no damage. Your punch misses Edmund.
Edmund is moderately wounded.
Edmund hits you with a +3 flail of protection.
You hit Edmund but do no damage. Your bite misses Edmund.
Edmund is moderately wounded.
Edmund hits you with a +3 flail of protection.
You hit Edmund but do no damage.
Edmund is moderately wounded.
You barely miss Edmund. You bite Edmund, but do no damage.
Edmund is moderately wounded.
Edmund barely misses you.
You closely miss Edmund. You bite Edmund, but do no damage.
Edmund is moderately wounded.
Edmund hits you with a +3 flail of protection!
* * * LOW HITPOINT WARNING * * *
You hit Edmund. You bite Edmund, but do no damage.
Edmund is moderately wounded.
Edmund barely misses you.
You closely miss Edmund.
Edmund is moderately wounded.
Edmund hits you with a +3 flail of protection.
* * * LOW HITPOINT WARNING * * *
Cast which spell? (? or * to list)
You don't have enough magic to cast this spell.
Edmund attacks as you move away! Edmund hits you but does no damage.
Edmund attacks as you move away!
Edmund hits you with a +3 flail of protection!
You die...

#..#.# #..#########
#..........#
##########.# ......#.#
#......#.# ........#.#
#########
###......#.###.......#.#
#......#.....@@......#
#......###########.###
###.. ##.


You could see Edmund.

Vanquished Creatures
  An iguana (D:3)
  An orc wizard (D:4)
  An adder (D:2)
  5 gnolls
  A dart slug (D:2)
  8 orcs
  6 endoplasms
  A giant cockroach (D:4)
  10 goblins
  7 hobgoblins
  A quokka (D:3)
  6 ball pythons
  9 bats
  2 frilled lizards
  5 kobolds
  7 rats
71 creatures vanquished.

Notes
Turn   | Place    | Note
-------+----------+-------------------------------------------
     0 | D:1      | Leeroy the Vine Stalker Warper began the quest for the Orb.
     0 | D:1      | Reached XP level 1. HP: 11/11 MP: 4/4
    36 | D:1      | Reached skill level 2 in Long Blades
    96 | D:1      | Reached XP level 2. HP: 15/15 MP: 6/6
   701 | D:2      | Reached skill level 3 in Long Blades
   782 | D:2      | Reached XP level 3. HP: 18/18 MP: 7/7
  1432 | D:2      | Gained mutation: Your natural rate of healing is unusually
                  | fast. [Vine Stalker growth]
  1432 | D:2      | Reached XP level 4. HP: 23/23 MP: 5/8
  1659 | D:3      | Learned a level 2 spell: Blink
  1663 | D:3      | Learned a level 3 spell: Vhi's Electric Charge
  1736 | D:3      | Reached skill level 4 in Long Blades
  1738 | D:3      | Found a stormy altar of Qazlal.
  2079 | D:2      | Reached XP level 5. HP: 15/26 MP: 3/9
  2531 | D:4      | Reached skill level 5 in Long Blades
  2917 | D:4      | Noticed Edmund
  2941 | D:4      | Slain by Edmund

Illustrated notes

Levels and vault maps discovered:
D:1:      dpeg_arrival_subterranean_lakeside_camping, layout_basic,
          wad_floor_pattern_2
D:2:      layout_basic, chequers_serial_rivers_room_a
D:3:      layout_loops_ring, mainiacjoe_overflow_concentric_impassable,
          chequers_serial_rivers_room_b
D:4:      layout_loops_ring, serial_co_window_serial, co_window_corner_a,
          co_window_corner_a, co_window_paths_a, co_window_of_opportunity_a,
          co_window_paths_a, co_window_paths_c, co_window_broadway_c,
          co_window_cross_2, co_window_corner_ca, co_window_paths_d,
          glass_columns_b, glass_columns_a, glass_columns_b, glass_columns_b,
          glass_columns_a, uniq_edmund

Skill      XL: |  1  2  3  4  5 |
---------------+----------------+-----
Long Blades    | 2 3 4 5 |  5.2
Fighting       | |  1.7
Throwing       | |  0.8
Armour         | |  0.7
Dodging        | |  1.5
Spellcasting   | |  2.1
Translocations | |  3.0

Action                     |  1- 3 |  4- 6 || total
---------------------------+-------+-------++-------
  Melee: Falchion          |    91 |       ||    91
         Bite              |    18 |    35 ||    53
         Long sword        |       |    36 ||    36
         Short sword       |       |    88 ||    88
         Punch             |       |     1 ||     1
   Stab: Sleeping          |       |     3 ||     3
 Armour: Leather armour    |    19 |    19 ||    38
  Dodge: Dodged            |    74 |    53 ||   127

Table legend: (Time is in decaauts)
 A = Elapsed time spent in this place.
 B = Non-inter-level travel time spent in this place.
 C = Inter-level travel time spent in this place.
 D = Time resting spent in this place.
 E = Time spent auto-exploring this place.
 F = Levels seen in this place.
 G = Mean time per level.
                   A        B        C        D        E       F      G
               +--------+--------+--------+--------+--------+-----+--------+
         Total |   2956 |   2826 |    130 |     52 |   2096 |   4 |  739.0 |
       Dungeon |   2956 |   2826 |    130 |     52 |   2096 |   4 |  739.0 |
               +--------+--------+--------+--------+--------+-----+--------+

Top non-repeatable levels by time:
     D:2: 902 daAuts
     D:3: 855 daAuts
     D:1: 765 daAuts
     D:4: 433 daAuts
